 Dungeon Crawl Stone Soup version 0.27-a0-412-g8dd771eca2 (webtiles) character file.

Game seed: 1508221704039274644

42 Murumi the Cudgeller (level 3, -3/37 HPs)
             Began as an Ogre Gladiator on Feb 24, 2021.
             Slain by a killer bee (6 damage)
             ... on level 2 of the Dungeon.
             The game lasted 00:04:00 (1678 turns).

Murumi the Cudgeller (Ogre Gladiator)               Turns: 1678, Time: 00:04:02

Health: -3/37      AC:  4    Str: 18    XL:     3   Next: 54%
Magic:  3/3        EV: 10    Int: 10    God:
Gold:   205        SH:  0    Dex: 10    Spells: 2/2 levels left

rFire    . . .     SeeInvis .   a - +0 flail
rCold    . . .     Faith    .   (no shield)
rNeg     . . .     Spirit   .   b - +0 robe
rPois    +         Reflect  .   c - +1 hat
rElec    .         Harm     .   (no cloak)
rCorr    .         Rampage  .   (gloves unavailable)
Will     .....                  (boots unavailable)
Stlth    +.........             (no amulet)
HPRegen  0.12/turn              i - ring of poison resistance
MPRegen  0.08/turn              (no ring)

@: lethally poisoned (-3 -> -9), hasted, very quick
A: large, unfitting armour, tough skin 1
a: no special abilities


You were on level 2 of the Dungeon.
You visited 1 branch of the dungeon, and saw 2 of its levels.

You collected 205 gold pieces.

Inventory:

Hand Weapons
 a - a +0 flail (weapon)
Missiles
 d - 3 throwing nets
 f - 33 stones
 j - 10 poisoned darts (quivered)
Armour
 b - a +0 robe (worn)
 c - a +1 hat (worn)
Jewellery
 i - a ring of poison resistance (left hand)
Potions
 e - a potion of curing {unknown}
 g - a potion of haste
 h - a potion of might {unknown}


   Skills:
 - Level 3.0 Fighting
 - Level 3.0 Maces & Flails
 - Level 3.0 Throwing
 - Level 3.0 Dodging
 + Level 0.4 Stealth


You had 2 spell levels left.
You didn't know any spells.
Your spell library was empty.

Dungeon Overview and Level Annotations

Branches:
Dungeon (2/15)

Altars:


Innate Abilities, Weirdness & Mutations

You are too large for most types of armour.
You have tough skin. (AC +1)


Message History

You need to enable at least one skill for training.
You feel sick.
You feel sick.
You feel sick.
You feel sick.
You feel sick.
You are no longer poisoned.
A killer bee comes into view.
Throw: 13 darts (poison)
Press: ? - help, Q - select action, (/) - cycle Shift-Dir - straight line, f - killer bee
Aim: a killer bee (wandering, hasn't noticed you, 26% to hit)
You throw a poisoned dart.
The poisoned dart barely misses the killer bee.
The killer bee buzzes angrily.
You hear an angry buzzing noise.
The killer bee closely misses you. The killer bee stings you!
You are poisoned.
The killer bee poisons you!
Throw: 12 darts (poison)
Press: ? - help, Q - select action, (/) - cycle Shift-Dir - straight line, f/p - killer bee
Aim: a killer bee (26% to hit)
You throw a poisoned dart.
The poisoned dart misses the killer bee.
You feel sick. The killer bee stings you.
The killer bee stings you but does no damage.
Throw: 11 darts (poison)
Press: ? - help, Q - select action, (/) - cycle Shift-Dir - straight line, f/p - killer bee
Aim: a killer bee (26% to hit)
You throw a poisoned dart.
The poisoned dart closely misses the killer bee.
You feel sick.
A killer bee comes into view.
You aren't carrying any scrolls.
You feel yourself speed up. The killer bee stings you.
* * * LOW HITPOINT WARNING * * *
The killer bee stings you.
* * * LOW HITPOINT WARNING * * *
The killer bee stings you but does no damage.
The killer bee stings you.
You die...

#.### ###.# #... ..#.#
#..# #.#.# #..# #.#.# #
##..# #.#.#######.#
####...# #.#.........#
+......#####.....?......
#....†.....###y#...###
...# .
#.#.##...####.@y..## ..K
. #.####...# #.†##.#
..### #.# ##### #.(# #
..#.. #.# #..# #.# . #.#
#... #.### #.# #.##
#.... #.# #. ##(## #.#
#. ##...## # #.# #.....#


You could see 2 killer bees.

Vanquished Creatures
  2 adders (D:2)
  An ooze (D:1)
  A leopard gecko (D:1)
  A giant cockroach (D:1)
  5 goblins
  2 hobgoblins
  4 bats (D:1)
  A frilled lizard (D:2)
  2 kobolds
19 creatures vanquished.

Vanquished Creatures (others)
  3 toadstools (D:1)
3 creatures vanquished.

Grand Total: 22 creatures vanquished

Notes
Turn   | Place    | Note
-------+----------+-------------------------------------------
     0 | D:1      | Murumi the Ogre Gladiator began the quest for the Orb.
     0 | D:1      | Reached XP level 1. HP: 22/22 MP: 1/1
   295 | D:1      | Reached XP level 2. HP: 26/29 MP: 2/2
   999 | D:2      | Reached XP level 3. HP: 14/37 MP: 3/3
  1674 | D:2      | Noticed a killer bee
  1677 | D:2      | Noticed a killer bee
  1678 | D:2      | Slain by a killer bee

Illustrated notes

Levels and vault maps discovered:
D:1:      dpeg_arrival_signposts, layout_loops_ring, st_stairs_10,
          minmay_gold_behind_fungi
D:2:      layout_loops_corners, chequers_ecumenical_altar_simple,
          minmay_octomino_c4

Skill      XL: |  1  2  3 |
---------------+----------+-----
Maces & Flails | 3 |  3.0
Fighting       | 3 |  3.0
Dodging        | 3 |  3.0
Throwing       | 3 |  3.0
Stealth        | |  0.4

Action                   || total
-------------------------++-------
Melee: Flail             ||    53
Throw: Stone             ||    34
       Dart              ||     3
  Use: Scroll            ||     4
       Potion            ||     1
Armor: Robe              ||    17
Dodge: Dodged            ||    29

Table legend: (Time is in decaauts)
 A = Elapsed time spent in this place.
 B = Non-inter-level travel time spent in this place.
 C = Inter-level travel time spent in this place.
 D = Time resting spent in this place.
 E = Time spent auto-exploring this place.
 F = Levels seen in this place.
 G = Mean time per level.
                   A        B        C        D        E       F      G
               +--------+--------+--------+--------+--------+-----+--------+
         Total |   1692 |   1585 |    107 |    187 |   1195 |   2 |  846.0 |
       Dungeon |   1692 |   1585 |    107 |    187 |   1195 |   2 |  846.0 |
               +--------+--------+--------+--------+--------+-----+--------+

Top non-repeatable levels by time:
     D:1: 1086 daAuts
     D:2: 606 daAuts
